 Dungeon Crawl Stone Soup version 0.17-a0-2058-g8b0eb12 (webtiles) character file.

759 Ordine the Skirmisher (level 7, -7/51 HPs)
             Began as an Octopode Fighter on Oct 11, 2015.
             Mangled by an ogre
             ... wielding a +0 giant club
              (21 damage)
             ... on level 4 of the Dungeon.
             The game lasted 00:08:39 (3525 turns).

Ordine the Skirmisher (Octopode Fighter)            Turns: 3525, Time: 00:08:40

Health: -7/51      AC:  1    Str: 15    XL:     7   Next: 80%
Magic:  7/7        EV: 12    Int: 11    God:
Gold:   218        SH: 10    Dex: 13    Spells: 0 memorised, 6 levels left

rFire  . . .     SeeInvis .     a - +0 long sword
rCold  . . .     Clarity  .     b - +1 shield
rNeg   . . .     SustAt   .     (helmet restricted)
rPois  .         Gourm    .     (no amulet)
rElec  .         Spirit   .     p - +1 ring of evasion
rCorr  .         Warding  .     q - ring of flight
rMut   .         Stasis   .     (no ring)
MR     .....                    (no ring)
Stlth  ++........               (no ring)
                                (no ring)
                                (no ring)
                                (no ring)

@: not resistant to hostile enchantments, unstealthy
A: almost no armour, amphibious, 8 rings, constrict 8, camouflage 1, gelatinous
body 1
a: Evoke Flight


You were on level 4 of the Dungeon.
You were not hungry.

You visited 1 branch of the dungeon, and saw 4 of its levels.

You collected 218 gold pieces.

Inventory:

Hand Weapons
 a - a +0 long sword (weapon)
Missiles
 h - 175 stones (quivered)
 i - 20 poisoned needles
Armour
 b - a +1 shield (worn)
Jewellery
 p - a +1 ring of evasion (left tentacle)
 q - a ring of flight (right tentacle)
Scrolls
 l - a scroll of recharging
 s - a scroll of magic mapping
Potions
 c - a potion of degeneration {unknown}
 e - a potion of heal wounds
 g - 3 potions of haste
 k - 2 potions of curing {unknown}
 n - 2 potions of cancellation {unknown}
 o - a potion of ambrosia {unknown}
Comestibles
 d - 3 bread rations
 f - a meat ration
 j - 2 fruits
 m - 2 beef jerkies


   Skills:
 + Level 5.9 Fighting
 + Level 5.5 Long Blades
 - Level 3.0 Dodging
 + Level 5.1 Shields


You had 6 spell levels left.
You didn't know any spells.

Dungeon Overview and Level Annotations

Branches:
Dungeon (4/15)
 Temple: D:4-7

Altars:
Fedhas
Makhleb
Okawaru


Innate Abilities, Weirdness & Mutations

You cannot wear most types of armour.
You are amphibious.
You can wear up to eight rings at the same time.
You can use your tentacles to constrict eight enemies at once.
Your skin changes colour to match your surroundings (Stealth).
Your rubbery body absorbs attacks (AC +1).


Message History

The ogre is severely wounded.
The ogre hits you with a giant club!
You barely miss the ogre.
The ogre is severely wounded.
You block the ogre's attack.
You hit the ogre but do no damage.
The ogre is severely wounded.
The ogre hits you with a giant club!
* * * LOW HITPOINT WARNING * * *
You are too injured to fight recklessly!
You hit the ogre.
The ogre is severely wounded.
The ogre completely misses you.
You barely miss the ogre. You squeeze the ogre.
The ogre is almost dead.
You block the ogre's attack.
You barely miss the ogre.
The ogre is almost dead.
The ogre hits you with a giant club!!
You die...

## #. #.#####
#.....
#...###
#.....#
##..#.....
#.@# ... #.O#
. #..#
#...(((...
........(((
......$####..
#####.#.# ..
.. #. .#


You could see an ogre.

Vanquished Creatures
  Grinder (D:3)
  Sigmund (D:3)
  The ghost of Vex the Ruffian, an amateur TrMo of Cheibriados (D:3)
  2 hounds
  Crazy Yiuf (D:2)
  2 orc priests (D:3)
  3 gnolls (D:3)
  An adder (D:2)
  2 worms (D:3)
  5 orcs (D:3)
  4 ball pythons
  8 bats
  7 goblins
  8 hobgoblins
  A quokka (D:2)
  2 giant cockroaches
  2 jackals (D:1)
  8 kobolds
  3 rats
  2 fungi (D:2)
64 creatures vanquished.

Notes
Turn   | Place    | Note
--------------------------------------------------------------
     0 | D:1      | Ordine the Octopode Fighter began the quest for the Orb.
     0 | D:1      | Reached XP level 1. HP: 16/16 MP: 1/1
   175 | D:1      | Reached XP level 2. HP: 21/21 MP: 2/2
  1104 | D:2      | Found a burning altar of Makhleb.
  1112 | D:2      | Reached XP level 3. HP: 9/27 MP: 3/3
  1410 | D:2      | Reached XP level 4. HP: 33/33 MP: 4/4
  1740 | D:2      | Reached skill level 4 in Fighting
  2154 | D:2      | Noticed Crazy Yiuf
  2163 | D:2      | Killed Crazy Yiuf
  2422 | D:3      | Noticed Vex's ghost (amateur TrMo)
  2432 | D:3      | Killed Vex's ghost
  2432 | D:3      | Reached XP level 5. HP: 32/38 MP: 5/5
  2432 | D:3      | Reached XP level 6. HP: 37/45 MP: 6/6
  2658 | D:3      | Found an iron altar of Okawaru.
  2669 | D:3      | Reached skill level 5 in Fighting
  3030 | D:3      | Found a blossoming altar of Fedhas.
  3034 | D:3      | Noticed Grinder
  3051 | D:3      | Killed Grinder
  3051 | D:3      | Reached skill level 5 in Long Blades
  3051 | D:3      | Reached XP level 7. HP: 41/50 MP: 7/7
  3185 | D:3      | Noticed Sigmund
  3193 | D:3      | Killed Sigmund
  3193 | D:3      | Reached skill level 5 in Shields
  3193 | D:3      | HP: 2/51 [worm (10)]
  3525 | D:4      | Mangled by an ogre

Vault maps used:
D:1:      ncdulo_lavacross
D:2:      first_bread, makhleb_heckhound_becter, uniq_crazy_yiuf_cottage
D:3:      lemuel_doored_altar, okawaru_altar_gauntlet_db, uniq_sigmund,
          uniq_grinder
D:4:      hangedman_ru_absence, bh_walls_and_bars

Action                   |  1- 3 |  4- 6 |  7- 9 || total
-------------------------+-------+-------+-------++-------
Melee: Long sword        |    39 |    93 |    26 ||   158
Throw: Stone             |       |    11 |     3 ||    14
       Javelin           |       |     9 |     3 ||    12
  Use: Scroll            |     3 |     4 |       ||     7
       Potion            |       |     1 |     1 ||     2
 Stab: Sleeping          |     4 |     2 |       ||     6
  Eat: Chunk             |     1 |     6 |     1 ||     8
